 Seeded DCSS version 0.28.0-62-gf88900778d (webtiles) character file.

Game seed: 11602572740697658130 (custom seed)

9703 cbfl8 the Cleaver (level 11, -8/92 HPs)
             Began as a Minotaur Fighter on July 1, 2023.
             Was a High Priest of Okawaru.
             Mangled by an orc knight
             ... wielding a +0 war axe
              (25 damage)
             ... on level 10 of the Dungeon.
             The game lasted 00:21:34 (12808 turns).

cbfl8 the Cleaver (Minotaur Fighter)               Turns: 12808, Time: 00:21:35

Health: -8/92      AC: 15    Str: 21    XL:     11   Next: 26%
Magic:  14/14      EV: 16    Int:  5    God:    Okawaru [*****.]
Gold:   445        SH:  8    Dex: 20    Spells: 10/10 levels left

rFire   + . .      SeeInvis .   b - +1 hand axe (holy)
rCold   . . .      Faith    .   c - +0 buckler
rNeg    . . .      Spirit   .   s - +0 scale mail {Will+}
rPois   .          Reflect  .   a - +1 hat
rElec   .          Harm     .   m - +0 cloak
rCorr   .          Rampage  .   o - +0 pair of gloves
Will    +....                   d - +0 pair of boots
Stlth   +++.......              k - amulet of regeneration
HPRegen 1.05/turn               g - ring of protection from fire
MPRegen 0.14/turn               f - +6 ring of dexterity

@: heroic
A: horns 2, retaliatory headbutt
a: Renounce Religion, Heroism, Finesse, Duel


You were on level 10 of the Dungeon.
You worshipped Okawaru.
Okawaru was extremely pleased with you.
You visited 1 branch of the dungeon, and saw 11 of its levels.

You collected 704 gold pieces.
You spent 259 gold pieces at shops.

Inventory:

Hand Weapons
 b - a +1 hand axe of holy wrath (weapon)
Armour
 a - a +1 hat (worn)
 c - a +0 buckler (worn)
 d - a +0 pair of boots (worn)
 m - a +0 cloak (worn)
 o - a +0 pair of gloves (worn)
 s - a +0 scale mail of willpower (worn)
Jewellery
 f - a +6 ring of dexterity (right hand)
 g - a ring of protection from fire (left hand)
 k - an amulet of regeneration (around neck)
 l - a ring of ice
 r - a ring of protection from cold
Wands
 q - a wand of flame (18)
Scrolls
 e - a scroll of fog
 h - 2 scrolls of silence
 p - a scroll of magic mapping
 t - a scroll of brand weapon {unknown}
 x - a scroll of identify
Potions
 i - a potion of invisibility
 j - 2 potions of curing
 n - a potion of mutation
 v - a potion of might
 w - 2 potions of heal wounds


   Skills:
 + Level 7.0(12.0) Fighting
 * Level 11.0(16.0) Axes
 + Level 9.3(14.3) Armour
 + Level 4.6(9.6) Dodging
 * Level 5.3(10.3) Stealth
 + Level 7.4(12.4) Shields
 - Level 1.8(6.8) Unarmed Combat
 * Level 5.8 Invocations
 * Level 5.3 Evocations


You had 10 spell levels left.
You didn't know any spells.
Your spell library contained the following spells:

 Spells                   Type           Power      Damage    Failure   Level
 Ensorcelled Hibernation  Hex/Ice        0%         N/A       89%         2
 Passwall                 Tmut/Erth      0%         N/A       89%         2
 Sublimation of Blood     Necr           0%         N/A       89%         2
 Portal Projectile        Hex/Tloc       0%         N/A       98%         3
 Swiftness                Air            0%         N/A       98%         3
 Leda's Liquefaction      Hex/Erth       0%         N/A       100%        4
 Passage of Golubria      Tloc           0%         N/A       100%        4
 Petrify                  Tmut/Erth      0%         N/A       100%        4
 Irradiate                Conj/Tmut      0%         3d14      100%        5
 Yara's Violent Unravell  Hex/Tmut       0%         3d3       100%        5
 Call Canine Familiar     Summ           Unusable   N/A       N/A         3
 Tukima's Dance           Hex            Unusable   N/A       N/A         3

Dungeon Overview and Level Annotations

Branches:
Dungeon (11/15)            Temple (0/1) D:4            Lair (0/6) D:9
    Orc: D:9-12

Altars:
Elyvilon
Hepliaklqana
Kikubaaqudgha
Nemelex Xobeh
Okawaru
Trog
Vehumet
Xom

Shops:
D:3 (   D:6 =   D:9 [   D:11 [*=(

Annotations:
D:5 1 runed translucent door, styxcanada's ghost, amateur SpBr


Innate Abilities, Weirdness & Mutations

You have a pair of horns on your head.
You reflexively headbutt those who attack you in melee.


Message History

The orc knight is moderately wounded.
The orc knight hits you with a +0 war axe!!
You hit the orc knight but do no damage.
You headbutt the orc knight.
The orc knight is moderately wounded.
You hit the orc knight.
The orc knight is moderately wounded.
The orc knight hits you with a +0 war axe.
You hit the orc knight but do no damage.
The orc knight is moderately wounded.
You slash the orc knight!
The orc knight is heavily wounded.
The orc knight hits you but does no damage.
You hit the orc knight but do no damage.
The orc knight is heavily wounded.
The orc knight hits you with a +0 war axe!!
* * * LOW HITPOINT WARNING * * *
You hit the orc knight.
The orc knight is heavily wounded.
The orc knight hits you with a +0 war axe!
* * * LOW HITPOINT WARNING * * *
You closely miss the orc knight.
The orc knight is heavily wounded.
Okay, then.
Okay, then.
Okay, then.
Okay, then.
Okay, then.
Aiming: Paralyse
Press: ? - help, Q - select action, (/) - cycle Shift-Dir - straight line, f - orc knight
Aim: an orc knight, wielding a +0 war axe, wearing a +0 chain mail and wearing a +6 ring of strength (heavily wounded, chance to affect: 45%)
The orc knight resists with some effort.
The orc knight hits you but does no damage.
Aiming: Paralyse
Press: ? - help, Q - select action, (/) - cycle Shift-Dir - straight line, f/p - orc knight
Aim: an orc knight, wielding a +0 war axe, wearing a +0 chain mail and wearing a +6 ring of strength (heavily wounded, chance to affect: 45%)
The orc knight resists with some effort.
The now-empty wand crumbles to dust.
The orc knight hits you with a +0 war axe!!
You die...

### # ##.# #### #..#### .#.##
#.....### ....## ###
#####.......##
.....####.####.##..>......###
.##.###.....##..##.##.###...#
###...#..........o..#####..##
##..###.........@....##.#..#
#..?......................#
#......#...............!..#
##.###..#..#.............###
..........####......>...####
...........#..........###..#
.##............##..........##
..[...........#####....#....#
..#...........# ##...###.###


You could see an orc knight.

Vanquished Creatures
  Erica (D:7)
  A cyclops (D:11)
  An ugly thing (D:10)
  Psyche (D:9)
  2 kobold demonologists (D:9)
  3 trolls
  2 hornets (D:9)
  2 wraiths
  11 yaks
  A vampire (D:9)
  A wyvern (D:9)
  2 acid dragons
  A water moccasin (D:9)
  4 orc warriors
  A black bear (D:8)
  3 wolves
  2 centaurs (D:9)
  An ogre (D:5)
  A phantom (D:4)
  3 kobold brigands
  4 bullfrogs
  10 scorpions
  A water moccasin zombie (D:5)
  2 killer bees (D:9)
  An electric eel (D:9)
  5 howler monkeys (D:10)
  6 centaur zombies
  A bullfrog zombie (D:6)
  4 hounds
  4 orc priests
  2 gnoll shamans
  A bullfrog skeleton (D:5)
  14 orc wizards
  A hound zombie (D:5)
  3 gnolls
  5 adders
  A white imp (D:6)
  2 dart slugs
  37 orcs
  A ball python (D:4)
  12 bats
  7 endoplasms
  2 giant cockroaches
  4 goblins
  3 hobgoblins
  11 jackals
  19 kobolds
  A quokka (D:4)
  4 frilled lizards
  2 rats (D:1)
214 creatures vanquished.

Vanquished Creatures (others)
  3 fungi (D:7)
  A plant (D:7)
4 creatures vanquished.

Grand Total: 218 creatures vanquished

Notes
Turn   | Place    | Note
-------+----------+-------------------------------------------
     0 | D:1      | cbfl8 the Minotaur Fighter began the quest for the Orb.
     0 | D:1      | Reached XP level 1. HP: 19/19 MP: 0/0
   111 | D:1      | Reached XP level 2. HP: 27/27 MP: 1/1
   418 | D:2      | Found an iron altar of Okawaru.
   426 | D:2      | Became a worshipper of Warmaster Okawaru
   575 | D:1      | Found a faded altar of an unknown god.
   612 | D:1      | Reached XP level 3. HP: 33/33 MP: 2/2
   850 | D:3      | Found Vamaunk's Antique Weapon Shop.
  1058 | D:3      | Reached skill level 3 in Axes
  1265 | D:2      | Reached XP level 4. HP: 36/40 MP: 3/3
  2551 | D:3      | Found an ancient bone altar of Kikubaaqudgha.
  3362 | D:3      | Reached skill level 4 in Axes
  3828 | D:4      | Noticed a phantom
  3838 | D:4      | Killed a phantom
  3839 | D:4      | Reached skill level 5 in Armour
  3839 | D:4      | Reached skill level 1 in Dodging
  3839 | D:4      | Reached skill level 1 in Unarmed Combat
  3839 | D:4      | Reached XP level 5. HP: 40/47 MP: 4/4
  3933 | D:4      | Reached XP level 6. HP: 36/53 MP: 5/5
  4322 | D:4      | Found a hazy altar of Hepliaklqana.
  4331 | D:4      | Reached * piety under Okawaru
  4387 | D:4      | Found a staircase to the Ecumenical Temple.
  4683 | D:5      | Entered Level 5 of the Dungeon
  4777 | D:5      | Reached skill level 1 in Stealth
  4780 | D:5      | Reached skill level 1 in Invocations
  4894 | D:5      | Found a runed translucent door.
  4894 | D:5      | Noticed styxcanada's ghost (amateur SpBr)
  4903 | D:5      | Reached skill level 1 in Evocations
  4903 | D:5      | Reached XP level 7. HP: 26/60 MP: 6/6
  5348 | D:5      | Reached skill level 5 in Shields
  5609 | D:6      | Reached skill level 5 in Axes
  5687 | D:6      | Found a white marble altar of Elyvilon.
  5746 | D:6      | Reached ** piety under Okawaru
  5837 | D:6      | Found Humoerae's Jewellery Shoppe.
  6675 | D:7      | Reached XP level 8. HP: 62/67 MP: 8/8
  6988 | D:7      | Reached *** piety under Okawaru
  6989 | D:7      | Reached skill level 5 in Fighting
  6989 | D:7      | Reached skill level 6 in Axes
  7347 | D:8      | Noticed Erica
  7916 | D:7      | Killed Erica
  7916 | D:7      | Reached **** piety under Okawaru
  7917 | D:7      | Reached skill level 7 in Axes
  7917 | D:7      | Reached XP level 9. HP: 50/74 MP: 7/10
  8155 | D:8      | Found an iron altar of Okawaru.
  8156 | D:8      | Found a bloodstained altar of Trog.
  8712 | D:9      | Paralysed by a hornet for 3 turns
  8801 | D:9      | Noticed a troll
  8810 | D:9      | Found a staircase to the Lair.
  8810 | D:9      | Noticed a troll
  8827 | D:9      | Found a shimmering altar of Xom.
  8859 | D:8      | Reached skill level 8 in Axes
  9315 | D:9      | Killed a troll
  9451 | D:9      | Reached XP level 10. HP: 75/83 MP: 12/12
 10155 | D:9      | Reached skill level 9 in Axes
 10269 | D:9      | Found Fysheoku's Antique Armour Boutique.
 10271 | D:9      | Noticed Psyche
 10282 | D:9      | Killed Psyche
 10661 | D:10     | Entered Level 10 of the Dungeon
 10661 | D:10     | Found a sparkling altar of Nemelex Xobeh.
 10675 | D:10     | Noticed a smoke demon
 10684 | D:9      | Reached ***** piety under Okawaru
 10685 | D:9      | Reached skill level 5 in Invocations
 11099 | D:10     | Noticed a smoke demon
 11105 | D:9      | Received a gift from Okawaru
 11139 | D:10     | Found a radiant altar of Vehumet.
 11171 | D:10     | Reached skill level 10 in Axes
 11373 | D:10     | Reached skill level 5 in Stealth
 11391 | D:10     | Reached skill level 5 in Evocations
 11394 | D:10     | Reached XP level 11. HP: 20/91 MP: 12/14
 11892 | D:11     | Found Piax's Assorted Antiques.
 11894 | D:11     | Noticed an orc sorcerer
 11897 | D:11     | Noticed an orc knight
 11900 | D:11     | Noticed a sixfirhy
 12036 | D:11     | Noticed a green ugly thing
 12070 | D:10     | Killed a green ugly thing
 12476 | D:11     | Found Umelon's Antique Armour Shop.
 12534 | D:11     | Bought a potion of heal wounds for 185 gold pieces
 12534 | D:11     | Bought a scroll of identify for 74 gold pieces
 12607 | D:11     | Found Qoucut's Weapon Shop.
 12613 | D:11     | Found Fuhiz's Jewellery Shoppe.
 12647 | D:11     | Reached skill level 11 in Axes
 12777 | D:11     | Noticed a sun demon
 12808 | D:10     | Mangled by an orc knight

Illustrated notes

Levels and vault maps discovered:
D:1:      nicolae_arrival_memento_mori, layout_rooms, basic_ecumenical_altar
D:2:      layout_loops_ring, basic_altar
D:3:      layout_basic, amcnicky_altar_gilded, serial_shops,
          nicolae_shop_waterfront
D:4:      layout_basic, mainiacjoe_overflow_brackets,
          minmay_temple_entry_offerings, palyth_stone_intersect, minmay_cut_off
D:5:      layout_cave_pools, hellmonk_ghost_happy_afterlife
D:6:      layout_basic, elyvilon_altar_5, serial_shops, shop
D:7:      old_forge, layout_rooms
D:8:      layout_loops_ring, grunt_temple_overflow_bloody_war, uniq_erica
D:9:      minmay_s_stair_smasher, layout_gridville,
          mainiacjoe_overflow_alcove_1, erik_lair_island, serial_shops,
          shop_statue, uniq_psyche
D:10:     layout_cave_pools, nicolae_vehumet_radiance,
          nemelex_xobeh_ov_fountains_minmay
D:11:     layout_cave_pools, serial_shops, nicolae_stop_n_shop_1,
          nicolae_shop_advertising_works [nicolae_subvault_shop_adworks],
          nicolae_diamond_shop, shop, lightli_orcish_oven

Skill      XL: |  1  2  3  4  5  6  7  8  9 10 11 |
---------------+----------------------------------+-----
Shields        | 4 5 6 7 |  7.4
Armour         | 4 5 6 7 8 9 |  9.3
Axes           | 3 4 5 7 8 10 11 | 11.0
Fighting       | 4 5 6 7 |  7.0
Dodging        | 1 3 4 |  4.6
Unarmed Combat | 1 |  1.8
Stealth        | 1 2 3 4 5 |  5.3
Invocations    | 1 2 3 4 5 |  5.8
Evocations     | 1 3 4 5 |  5.3

Action                   |  1- 3 |  4- 6 |  7- 9 | 10-12 || total
-------------------------+-------+-------+-------+-------++-------
Melee: War axe           |    56 |     5 |       |       ||    61
       Headbutt          |    12 |    34 |    81 |    85 ||   212
       Unarmed           |       |   162 |    82 |       ||   244
       Hand axe          |       |       |   301 |   327 ||   628
Invok: Heroism           |       |       |     5 |     8 ||    13
       Finesse           |       |       |     1 |     1 ||     2
Evoke: Wand              |       |       |     5 |     4 ||     9
  Use: Scroll            |       |     5 |    10 |     4 ||    19
       Potion            |       |     2 |     6 |       ||     8
 Stab: Held in net/web   |       |       |     1 |       ||     1
       Sleeping          |       |       |       |     1 ||     1
Armor: Scale mail        |    24 |     4 |   149 |   121 ||   298
       Chain mail        |       |    72 |    52 |       ||   124
Dodge: Dodged            |    34 |    61 |   224 |   173 ||   492
Block: Buckler           |    19 |    35 |   150 |   108 ||   312
